 Dungeon Crawl Stone Soup version 0.19-a0-1878-gcbc8a98 (webtiles) character file.

128 tyvek the Magician (level 4, -9/24 HPs)
             Began as a Deep Elf Fire Elementalist on Oct 14, 2016.
             Was a Follower of Vehumet.
             Killed by divine providence
             ... invoked by an orc priest
              (11 damage)
             ... on level 3 of the Dungeon.
             The game lasted 00:09:45 (3112 turns).

tyvek the Magician (Deep Elf Fire Elementalist)     Turns: 3112, Time: 00:09:45

Health: -9/24      AC:  2    Str:  5    XL:     4   Next: 86%
Magic:  21/21      EV: 18    Int: 21    God:    Vehumet [*.....]
Gold:   94         SH:  0    Dex: 20    Spells: 3 memorised, 3 levels left

rFire  . . .     SeeInvis .     n - +1 dagger (venom)
rCold  . . .     Gourm    .     a - +0 robe
rNeg   . . .     Faith    .     (no shield)
rPois  .         Spirit   .     (no helmet)
rElec  .         Dismiss  .     (no cloak)
rCorr  .         Reflect  .     (no gloves)
MR     .....     Harm     .     (no boots)
Stlth  +++.......               (no amulet)
                                Z - ring of wizardry
                                W - ring of magical power

@: agile
A: no striking features
a: Renounce Religion


You were on level 3 of the Dungeon.
You worshipped Vehumet.
Vehumet was aware of your devotion.
You were not hungry.

You visited 1 branch of the dungeon, and saw 3 of its levels.

You collected 94 gold pieces.


   Skills:
 - Level 2.4 Dodging
 - Level 2.4 Stealth
 + Level 4.2 Spellcasting
 + Level 3.7 Conjurations
 + Level 4.2 Fire Magic


You had 3 spell levels left.
You knew the following spells:

 Your Spells              Type           Power        Failure   Level  Hunger
c - Conjure Flame         Conj/Fire      ###.....     4%          3    ###....
y - Sticky Flame          Conj/Fire      ###.....     10%         4    ####...
z - Flame Tongue          Conj/Fire      ###..        1%          1    None

Inventory:

Hand Weapons
 n - a +1 dagger of venom (weapon)
Armour
 a - a +0 robe (worn)
Jewellery
 W - a ring of magical power (left hand)
 Z - a ring of wizardry (right hand)
Scrolls
 e - a scroll of amnesia {unknown}
 h - a scroll of identify {unknown}
 k - 2 scrolls of remove curse {unknown}
 o - 2 scrolls of recharging {unknown}
Potions
 d - a potion of resistance {unknown}
 f - a potion of agility
 g - a potion of curing {unknown}
 i - a potion of degeneration {unknown}
 j - a potion of heal wounds {unknown}
 l - a potion of magic
Books
 b - a book of Flames

   Spells                             Type                      Level
   a - Flame Tongue                   Conjuration/Fire             1
   b - Throw Flame                    Conjuration/Fire             2
   c - Conjure Flame                  Conjuration/Fire             3
   d - Inner Flame                    Hexes/Fire                   3
   e - Sticky Flame                   Conjuration/Fire             4
   f - Fireball                       Conjuration/Fire             5
Comestibles
 c - 3 bread rations {@e1}
 m - 10 chunks of flesh
 p - 3 fruits {@e2}

Dungeon Overview and Level Annotations

Branches:
Dungeon (3/15)

Altars:
Uskayaw
Vehumet

#..##>..........###....#......#
#...###..##.##....#.....(.....#
###.# #..#..##.##.............#
#.###..#.###..##...##........
#........# ##.##......#####..
###.#...## #.##....#..#.....
#.#..># #.##.........##..
#....######.......####.#..#
#....#...<@o......####...##
##..#.#.#####o#......######
#...#...# #.....#### #.##...##
#....## #....#.# #....##
##..............#
#.........#...##
#w........#..## #......o.....#


You could see an orc priest and an orc.


Message History

Press: ? - help, Shift-Dir - straight line, f/p - orc priest
Aim: an orc priest, wielding a flail (moderately wounded)
The flame tongue misses the orc priest.
The orc priest invokes the aid of Beogh against you.
Beogh smites you!
You hear a shout! x3
Casting: Flame Tongue
Confirm with . or Enter, or press ? or * to list all spells.
Aiming: Flame Tongue
Press: ? - help, Shift-Dir - straight line, f/p - orc priest
Aim: an orc priest, wielding a flail (moderately wounded)
The flame tongue hits the orc priest.
The orc priest is moderately wounded.
Unknown command.
Unknown command.
Casting: Flame Tongue
Confirm with . or Enter, or press ? or * to list all spells.
Aiming: Flame Tongue
Press: ? - help, Shift-Dir - straight line, f/p - orc priest
Aim: an orc priest, wielding a flail (moderately wounded)
The flame tongue misses the orc priest.
The orc priest hits you with a flail!
Ouch! That really hurt!
* * * LOW HITPOINT WARNING * * *
It was a potion of magic.
Magic courses through your body.
An orc comes into view.
It was a potion of agility.
You feel agile all of a sudden.
The orc priest invokes the aid of Beogh against you.
Beogh smites you!
You die...

Skill      XL: |  1  2  3  4 |
---------------+-------------+-----
Conjurations   | 2 3 |  3.7
Fire Magic     | 4 |  4.2
Spellcasting   | 4 |  4.2
Dodging        | |  2.4
Stealth        | |  2.4

Action                   |  1- 3 |  4- 6 || total
-------------------------+-------+-------++-------
Melee: Unarmed           |     6 |       ||     6
 Cast: Flame Tongue      |    75 |    51 ||   126
       Conjure Flame     |     2 |     6 ||     8
  Use: Potion            |       |     2 ||     2
  Eat: Chunk             |     4 |     3 ||     7
Armor: Robe              |     4 |     3 ||     7
Dodge: Dodged            |    22 |     5 ||    27

Vault maps used:
D:1:      eino_arrival_tree_alley, minmay_misc_feat_room, serial_bayou_pond_b,
          roderic_roman_lattice
D:2:      vehumet_crystals, ecumenical_altar_1
D:3:      eat_drink_and_be_merry_uskayaw

Notes
Turn   | Place    | Note
-------+----------+-------------------------------------------
     0 | D:1      | tyvek the Deep Elf Fire Elementalist began the quest for the Orb.
     0 | D:1      | Reached XP level 1. HP: 10/10 MP: 6/6
   737 | D:1      | Reached XP level 2. HP: 15/15 MP: 8/8
   936 | D:1      | Reached skill level 2 in Conjurations
  1490 | D:1      | Reached XP level 3. HP: 19/19 MP: 9/9
  1612 | D:1      | Learned a level 3 spell: Conjure Flame
  1753 | D:2      | Found a faded altar of an unknown god.
  2040 | D:2      | Found a radiant altar of Vehumet.
  2065 | D:2      | Became a worshipper of Vehumet
  2167 | D:2      | Reached skill level 4 in Fire Magic
  2321 | D:2      | Reached skill level 3 in Conjurations
  2339 | D:2      | Reached XP level 4. HP: 21/24 MP: 11/11
  2546 | D:3      | Found a hide-covered altar of Uskayaw.
  2611 | D:3      | Reached skill level 4 in Spellcasting
  2889 | D:3      | Reached * piety under Vehumet
  2889 | D:3      | Offered knowledge of Sandblast by Vehumet.
  2916 | D:3      | Learned a level 4 spell: Sticky Flame
  3110 | D:3      | HP: 2/24 [orc priest/flail (12)]
  3112 | D:3      | Killed from afar by an orc priest

Vanquished Creatures
  3 adders
  2 oozes (D:1)
  A worm (D:3)
  A dart slug (D:2)
  5 leopard geckos
  8 orcs (D:3)
  9 bats
  6 giant cockroaches
  10 hobgoblins
  5 kobolds
  3 quokkas
  3 frilled lizards (D:2)
  7 goblins
  6 rats
69 creatures vanquished.
